 Dungeon Crawl Stone Soup version 0.29-a0-468-ge57f7f99b4 (webtiles) character file.

Game seed: 10368563712245621281

2061 xian the Destroyer (level 9, -3/68 HPs)
             Began as a Yellow Draconian Conjurer on May 21, 2022.
             Was an Initiate of Gozag.
             Killed from afar by an orc wizard (7 damage)
             ... with a magic dart
             ... on level 6 of the Dungeon.
             The game lasted 00:22:26 (6501 turns).

xian the Destroyer (Yellow Draconian Conjurer)      Turns: 6501, Time: 00:22:27

Health: -3/68      AC:  8    Str:  9    XL:     9   Next: 5%
Magic:  14/28      EV: 12    Int: 22    God:    Gozag
Gold:   482        SH:  0    Dex: 11    Spells: 9/21 levels left

rFire   . . .      SeeInvis .   y - +2 dagger (holy)
rCold   . . .      Faith    .   (no shield)
rNeg    . . .      Spirit   .   (body armour unavailable)
rPois   .          Reflect  .   (helmet restricted)
rElec   .          Harm     .   (no cloak)
rCorr   +          Rampage  .   (no gloves)
Will    .....                   q - +0 pair of boots
Stlth   +.........              (no amulet)
HPRegen 0.21/turn               d - ring of resist corrosion
MPRegen 0.21/turn               g - ring of magical power

@: confused, short of breath
A: spit acid, AC +7, unfitting armour, cold-blooded, acid resistance
a: Breathe Acid, Renounce Religion, Potion Petition, Call Merchant, Bribe Branch


You were on level 6 of the Dungeon.
You worshipped Gozag.
Gozag was aware of your devotion.
You visited 1 branch of the dungeon, and saw 6 of its levels.

You collected 524 gold pieces.
You paid 42 gold pieces to Gozag.

Inventory:

Hand Weapons
 r - a +1 dagger of draining
 y - a +2 dagger of holy wrath (weapon)
Armour
 q - a +0 pair of boots (worn)
Magical Staves
 o - a staff of conjuration
Jewellery
 d - a ring of resist corrosion (left hand)
 g - a ring of magical power (right hand)
 l - a ring of poison resistance
 G - a ring of flight
Wands
 b - a wand of acid (5)
 c - a wand of digging (8)
 h - a wand of paralysis (8)
 s - a wand of iceblast (5)
 t - a wand of polymorph (8)
 x - a wand of mindburst (10)
 D - a wand of flame (20)
Scrolls
 f - 4 scrolls of fog
 k - a scroll of noise {unknown}
 m - 2 scrolls of teleportation
 n - a scroll of blinking {unknown}
 p - a scroll of immolation
 v - a scroll of magic mapping {unknown}
 z - a scroll of enchant weapon {unknown}
 A - a scroll of amnesia {unknown}
Potions
 a - 3 potions of magic
 e - 2 potions of ambrosia
 i - 3 potions of haste
 j - a potion of berserk rage
 u - a potion of flight {unknown}
 w - a potion of resistance
 B - a potion of lignification {unknown}
 C - a potion of curing
 E - a potion of might {unknown}
 F - a potion of attraction {unknown}


   Skills:
 + Level 2.7 Fighting
 + Level 1.1 Short Blades
 + Level 3.1 Dodging
 + Level 4.0 Stealth
 + Level 6.7 Spellcasting
 + Level 8.7 Conjurations


You had 9 spell levels left.
You knew the following spells:

 Your Spells              Type           Power      Damage    Failure   Level
a - Magic Dart            Conj           100%       1d8       1%          1
b - Searing Ray           Conj           90%        2d7       1%          2
c - Iskenderun's Mystic   Conj/Tloc      26%        2d7       14%         4
d - Lightning Bolt        Conj/Air       13%        1d26      36%         5

Your spell library contained the following spells:

 Spells                   Type           Power      Damage    Failure   Level
 Static Discharge         Conj/Air       26%        N/A       2%          2
 Dazzling Flash           Conj/Hex       52%        N/A       4%          3
 Sting                    Tmut/Pois      28%        1d4       9%          1
 Poisonous Vapours        Pois/Air       14%        N/A       13%         2
 Fulminant Prism          Conj/Hex       13%        3d9       14%         4
 Ozocubu's Armour         Ice            7%         N/A       26%         3
 Olgreb's Toxic Radiance  Pois           7%         N/A       63%         4
 Ozocubu's Refrigeration  Ice            3%         4d5       100%        7
 Maxwell's Capacitive Co  Air            3%         ∞         100%        8


Dungeon Overview and Level Annotations

Branches:
Dungeon (6/15)             Temple (0/1) D:6

Altars:
Elyvilon
Gozag
Trog

Shops:
D:1 *

Annotations:
D:4 1 runed translucent door, tinescath's ghost, novice GrEE


Innate Abilities, Weirdness & Mutations

You can spit globs of acid.
Your golden yellow scales are hard. (AC +7)
You cannot fit into any form of body armour.
You are cold-blooded and may be slowed by cold attacks.
You are resistant to acid. (rCorr)


Message History

Okay, then.
Casting: Searing Ray (safe; 1% risk of failure)
Confirm with . or Enter, or press ? or * to list all spells.
Okay, then.
Press: ? - help, Shift-Dir - straight line, f - orc warrior
Aim: an orc warrior, wielding a +0 long sword and wearing a +0 plate armour (lightly wounded, 64% to hit)
You spit a glob of acid.
The glob of acid hits the orc warrior!
The acid corrodes the orc warrior!
The acid splashes onto something!
The orc warrior is moderately wounded.
Something hits you but does no damage.
The orc warrior hits you with a +0 long sword!
Casting: Searing Ray (safe; 1% risk of failure)
Confirm with . or Enter, or press ? or * to list all spells.
Aiming: Searing Ray (safe; 1% risk of failure)
Press: ? - help, Shift-Dir - straight line, p - orc warrior The searing ray hits the orc warrior!
The orc warrior is severely wounded. (Press . to maintain the ray.)
Something hits you.
Unknown command.
The orc warrior hits you with a +0 long sword!
Something hits you but does no damage.
You hear some strange, mumbled words.
You are confused.
You bump into the rock wall.
The orc warrior barely misses you.
Unknown command.
You bump into the rock wall.
Something completely misses you.
Found a war axe.
The orc warrior hits you with a +0 long sword.
The orc warrior attacks as you move away!
The orc warrior hits you with a +0 long sword!
* * * LOW HITPOINT WARNING * * *
You hear some strange, mumbled words.
Something tries to affect you, but you resist.
The orc warrior hits you with a +0 long sword!
* * * LOW HITPOINT WARNING * * *
A magic dart appears from out of thin air!
The magic dart hits you!
You die...
Your body crumbles into a pile of gold.

#.........
#)........
#.........
##.........
......... '.........
......$.# #.........
........# #.........
........# #.@.......
........# #o........
.....$..# #{o.......
......$.###.........
.......$o....#######
....###......# #
#..$...# #......#
#... #......# #.....


You could see an orc warrior (corroded) and an orc priest.

Vanquished Creatures
  4 yaks (D:5)
  Eustachio (D:5)
  Menkaure (D:5)
  3 ogres
  A bullfrog (D:6)
  4 scorpions
  2 hounds
  2 jellies
  4 orc priests
  2 gnoll shamans (D:5)
  An iguana (D:5)
  4 orc wizards
  Ijyb (D:4)
  7 gnolls (D:5)
  7 adders
  3 worms
  4 dart slugs
  22 orcs
  8 endoplasms
  3 giant cockroaches
  4 hobgoblins
  3 jackals (D:4)
  10 kobolds
  3 quokkas
  4 ball pythons
  8 bats
  11 frilled lizards
  7 goblins
  7 rats
141 creatures vanquished.

Vanquished Creatures (others)
  A shadow imp (D:5)
  7 plants (D:3)
8 creatures vanquished.

Grand Total: 149 creatures vanquished

Notes
Turn   | Place    | Note
-------+----------+-------------------------------------------
     0 | D:1      | xian the Draconian Conjurer began the quest for the Orb.
     0 | D:1      | Reached XP level 1. HP: 14/14 MP: 3/3
    99 | D:1      | Found Ito Jig's Assorted Antiques.
   267 | D:1      | Reached XP level 2. HP: 18/20 MP: 0/5
  1071 | D:1      | Reached XP level 3. HP: 26/26 MP: 0/6
  1409 | D:2      | Found a faded altar of an unknown god.
  1896 | D:2      | Reached XP level 4. HP: 32/33 MP: 8/8
  2496 | D:3      | Learned a level 2 spell: Searing Ray
  2511 | D:3      | Reached skill level 5 in Conjurations
  2760 | D:3      | Reached XP level 5. HP: 38/38 MP: 9/9
  2865 | D:3      | Found a white marble altar of Elyvilon.
  3351 | D:4      | Reached XP level 6. HP: 36/45 MP: 4/11
  3561 | D:4      | Noticed Ijyb
  3589 | D:4      | Killed Ijyb
  3709 | D:4      | Found a bloodstained altar of Trog.
  3709 | D:4      | Found an opulent altar of Gozag.
  3715 | D:4      | Became a worshipper of Gozag Ym Sagoz the Greedy
  3892 | D:4      | Reached skill level 6 in Conjurations
  4266 | D:4      | Found a runed translucent door.
  4266 | D:4      | Noticed a yak
  4266 | D:4      | Noticed tinescath's ghost (novice GrEE)
  4506 | D:5      | Entered Level 5 of the Dungeon
  4517 | D:5      | Your scales start taking on a golden yellow colour.
  4517 | D:5      | Reached XP level 7. HP: 34/51 MP: 9/14
  4517 | D:5      | Gained mutation: You are resistant to acid. (rCorr) [Yellow
                  | Draconian growth]
  4677 | D:5      | Reached skill level 1 in Fighting
  4863 | D:5      | Reached skill level 5 in Spellcasting
  4870 | D:5      | Reached skill level 7 in Conjurations
  5210 | D:5      | Learned a level 4 spell: Iskenderun's Mystic Blast
  5216 | D:5      | Learned a level 5 spell: Lightning Bolt
  5460 | D:5      | Noticed Eustachio
  5468 | D:5      | Killed Eustachio
  5568 | D:5      | Noticed Menkaure
  5576 | D:5      | Reached XP level 8. HP: 59/59 MP: 16/16
  5582 | D:5      | Killed Menkaure
  5710 | D:5      | Reached skill level 8 in Conjurations
  5711 | D:5      | Reached skill level 1 in Short Blades
  6369 | D:6      | Found a staircase to the Ecumenical Temple.
  6383 | D:6      | Reached XP level 9. HP: 68/68 MP: 18/18
  6501 | D:6      | Killed from afar by an orc wizard

Illustrated notes

Levels and vault maps discovered:
D:1:      eino_arrival_cavern_e, layout_loops_ring, serial_shops,
          nicolae_shop_crystal, hangedman_decor_lopped
D:2:      layout_loops_ring, ebering_ecumenical_altar_petrified
D:3:      layout_basic, elyvilon_altar_4, minmay_lizard_king
D:4:      layout_loops_ring, gammafunk_temple_overflow_statue,
          ebering_ghost_inner_flame, uniq_ijyb
D:5:      layout_basic, roderic_roman_lattice, lemuel_flamethrower_2,
          uniq_eustachio, uniq_menkaure
D:6:      layout_basic, minmay_temple_entry_from_below_a, serial_shops,
          nicolae_shop_advertising_works [nicolae_subvault_shop_adworks],
          amcnicky_mini_pool_small, minmay_holes

Skill      XL: |  1  2  3  4  5  6  7  8 |
---------------+-------------------------+-----
Stealth        | 2 3 4 |  4.0
Dodging        | 2 3 |  3.1
Spellcasting   | 3 4 5 6 |  6.7
Conjurations   | 5 6 7 8 |  8.7
Fighting       | 1 2 |  2.7
Short Blades   | 1 |  1.1

Action                   |  1- 3 |  4- 6 |  7- 9 || total
-------------------------+-------+-------+-------++-------
Melee: Unarmed           |     9 |       |       ||     9
       Dagger            |    13 |       |     4 ||    17
       Tailslap          |     3 |       |       ||     3
       Punch             |     1 |       |       ||     1
       Staff             |       |     2 |       ||     2
 Cast: Magic Dart        |    84 |    88 |    36 ||   208
       Searing Ray       |       |    18 |    18 ||    36
 Abil: Breathe Acid      |       |       |    11 ||    11
  Use: Scroll            |       |       |     6 ||     6
Armor: Skin              |     9 |     5 |    16 ||    30
Dodge: Dodged            |    22 |    14 |    29 ||    65

Table legend: (Time is in decaauts)
 A = Elapsed time spent in this place.
 B = Non-inter-level travel time spent in this place.
 C = Inter-level travel time spent in this place.
 D = Time resting spent in this place.
 E = Time spent auto-exploring this place.
 F = Levels seen in this place.
 G = Mean time per level.
                   A        B        C        D        E       F      G
               +--------+--------+--------+--------+--------+-----+--------+
         Total |   6496 |   6359 |    137 |    823 |   4524 |   6 | 1082.7 |
       Dungeon |   6496 |   6359 |    137 |    823 |   4524 |   6 | 1082.7 |
               +--------+--------+--------+--------+--------+-----+--------+

Top non-repeatable levels by time:
     D:5: 1801 daAuts
     D:1: 1345 daAuts
     D:4: 1328 daAuts
     D:2: 998 daAuts
     D:3: 829 daAuts
     D:6: 192 daAuts
